 Dungeon Crawl Stone Soup version 0.20.0-15-g7f486f2 (webtiles) character file.

1177 anfisbena the Carver (level 8, 0/39 HPs)
             Began as a Vine Stalker Fighter on June 19, 2017.
             Killed by divine providence
             ... invoked by an orc priest
              (10 damage)
             ... on level 6 of the Dungeon.
             The game lasted 00:06:18 (4959 turns).

anfisbena the Carver (Vine Stalker Fighter)         Turns: 4959, Time: 00:06:18

Health: 0/39       AC: 13    Str: 18    XL:     8   Next: 41%
Magic:  0/9        EV:  4    Int:  8    God:
Gold:   600        SH:  9    Dex: 17    Spells: 7/7 levels left

rFire    . . .     SeeInvis .   a - +0 long sword
rCold    . . .     Gourm    .   c - +0 shield
rNeg     . . .     Faith    .   s - +0 chain mail
rPois    .         Spirit   +   m - +2 helmet
rElec    .         Reflect  .   (no cloak)
rCorr    .         Harm     .   n - +0 pair of gloves
MR       +....                  (no boots)
Stlth    ..........             (no amulet)
Regen    0.6/turn               (no ring)
MPRegen  0.2/turn               (no ring)

@: no status effects
A: fangs 3, regeneration 1, magic shield, antimagic bite, no potion heal 3, rot
immunity
a: no special abilities


You were on level 6 of the Dungeon.
You were not hungry.

You visited 1 branch of the dungeon, and saw 6 of its levels.
You also visited: Ossuary.

You collected 600 gold pieces.

Inventory:

Hand Weapons
 a - a +0 long sword (weapon)
Armour
 c - a +0 shield (worn)
 m - a +2 helmet (worn)
 n - a +0 pair of gloves (worn)
 s - a +0 chain mail (worn)
Jewellery
 z - a cursed ring of teleportation {unknown}
 H - an uncursed ring of protection from cold {unknown}
Wands
 g - a wand of clouds (6/9)
 w - a wand of iceblast (6/15)
 C - a wand of clouds (3/9)
Scrolls
 h - a scroll of noise {unknown}
 i - a scroll of random uselessness {unknown}
 j - 6 scrolls of identify {unknown}
 l - 2 scrolls of magic mapping {unknown}
 r - a scroll of enchant armour {unknown}
 u - 3 scrolls of enchant weapon {unknown}
 x - a scroll of amnesia {unknown}
 y - a scroll of teleportation {unknown}
 A - a scroll of blinking {unknown}
 G - a scroll of recharging {unknown}
 J - a scroll of fog {unknown}
Potions
 d - 5 potions of might
 e - a potion of degeneration {unknown}
 k - 2 potions of heal wounds {unknown}
 o - 2 potions of mutation {unknown}
 t - a potion of brilliance {unknown}
 v - a potion of agility {unknown}
 B - a potion of curing {unknown}
 E - a potion of invisibility {unknown}
 F - a potion of berserk rage {unknown}
 K - a potion of flight {unknown}
Books
 D - a book of Necromancy

   Spells                             Type                      Level
   a - Pain                           Necromancy                   1
   b - Animate Skeleton               Necromancy                   1
   c - Vampiric Draining              Necromancy                   3
   d - Regeneration                   Charms/Necromancy            3
   e - Animate Dead                   Necromancy                   4
   f - Control Undead                 Necromancy                   4
Comestibles
 b - 5 fruits
 f - 5 bread rations
 p - 5 meat rations
 q - 2 royal jellies


   Skills:
 - Level 2.6 Fighting
 + Level 9.1 Long Blades
 - Level 2.4 Armour
 - Level 2.6 Shields


You had 7 spell levels left.
You didn't know any spells.

Dungeon Overview and Level Annotations

Branches:
Dungeon (6/15)
 Temple: D:4-7

Altars:
Ashenzari
Ru
Vehumet


Innate Abilities, Weirdness & Mutations

You have razor-sharp teeth.
Your natural rate of healing is unusually fast.
When hurt, damage is shared between your health and your magic reserves.
Your bite disrupts and absorbs the magic of your enemies.
Potions cannot restore your health.
You are immune to rotting.


Message History

You are too injured to fight recklessly!
You are too injured to fight recklessly!
You are too injured to fight recklessly!
You are too injured to fight recklessly!
The orc wizard casts a spell at you. The magic dart hits you!
An orc priest comes into view. It is wielding a short sword of venom.
The orc priest shouts!
The orc wizard mumbles some strange words.
The orc wizard blinks!
The orc priest invokes the aid of Beogh against you.
Beogh smites you!
* * * LOW HITPOINT WARNING * * *
The orc priest invokes the aid of Beogh against you.
Beogh smites you!
* * * LOW HITPOINT WARNING * * *
All of the chunks of flesh in your inventory have rotted away.
The orc priest calls down the wrath of Beogh upon you.
Beogh smites you!
You die...

.##.....#....## ##o#
..........##..## #o#
...........##..###.##
............##..##..#
.............#.....##
..............#....#
..................##
.............(....#
................@.##
...................###
.....................#
.....................####
.....................#..#
.......................##
....................####
...................#####
..................##<..####


You could see an orc priest.

Vanquished Creatures
  2 ice beasts
  A phantom (D:4)
  An elf skeleton (D:4)
  2 howler monkeys (D:5)
  A crimson imp (D:5)
  A bullfrog zombie (D:5)
  2 hounds (D:4)
  A centaur zombie (Ossuary)
  A human zombie (Ossuary)
  A bullfrog skeleton (D:4)
  2 orc priests
  An orc wizard (D:3)
  A worker ant (D:4)
  A killer bee zombie (D:5)
  2 big kobold zombies (Ossuary)
  A hound skeleton (D:5)
  2 mummies (Ossuary)
  A howler monkey skeleton (D:6)
  11 gnolls (D:5)
  9 adders
  A shadow imp (D:3)
  An ooze (D:6)
  3 worms (D:2)
  A dart slug (D:1)
  3 leopard geckos
  16 orcs
  6 giant cockroaches
  2 gnoll zombies (Ossuary)
  6 hobgoblins
  18 jackals
  2 quokkas
  10 bats
  4 frilled lizards
  4 goblins
  2 goblin zombies (Ossuary)
  6 hobgoblin zombies (Ossuary)
  10 kobolds
  4 orc skeletons (D:4)
  An orc zombie (D:4)
  4 rats
148 creatures vanquished.

Notes
Turn   | Place    | Note
-------+----------+-------------------------------------------
     0 | D:1      | anfisbena the Vine Stalker Fighter began the quest for the Orb.
     0 | D:1      | Reached XP level 1. HP: 11/11 MP: 2/2
    28 | D:1      | Reached skill level 2 in Long Blades
    60 | D:1      | Reached XP level 2. HP: 7/16 MP: 1/3
   503 | D:1      | Reached skill level 3 in Long Blades
   513 | D:1      | Reached XP level 3. HP: 19/19 MP: 4/4
  1226 | D:2      | Found a sacrificial altar of Ru.
  1454 | D:2      | Gained mutation: Your natural rate of healing is unusually fast. [Vine Stalker growth]
  1454 | D:2      | Reached XP level 4. HP: 17/23 MP: 5/5
  1564 | D:2      | Reached skill level 4 in Long Blades
  2071 | D:3      | Reached XP level 5. HP: 27/27 MP: 6/6
  2259 | D:3      | Reached skill level 5 in Long Blades
  3050 | D:4      | Reached XP level 6. HP: 30/32 MP: 7/7
  3125 | D:4      | Noticed a phantom
  3155 | D:4      | Killed a phantom
  3155 | D:4      | Reached skill level 6 in Long Blades
  3354 | D:4      | Found a sand-covered staircase.
  3369 | D:4      | Reached XP level 7. HP: 27/35 MP: 8/8
  3373 | Ossuary  | Entered an ossuary
  3465 | Ossuary  | Reached skill level 7 in Long Blades
  3851 | D:4      | Found a radiant altar of Vehumet.
  3851 | D:4      | Found a shattered altar of Ashenzari.
  4025 | D:5      | Entered Level 5 of the Dungeon
  4289 | D:5      | Reached skill level 8 in Long Blades
  4289 | D:5      | Gained mutation: You have razor-sharp teeth. [Vine Stalker growth]
  4289 | D:5      | Reached XP level 8. HP: 39/39 MP: 9/9
  4778 | D:6      | Reached skill level 9 in Long Blades
  4959 | D:6      | Killed from afar by an orc priest

Skill      XL: |  1  2  3  4  5  6  7  8 |
---------------+-------------------------+-----
Long Blades    | 2 3 4 5 6 8 9 |  9.1
Fighting       | |  2.6
Armour         | |  2.4
Shields        | |  2.6

Action                   |  1- 3 |  4- 6 |  7- 9 || total
-------------------------+-------+-------+-------++-------
Melee: Long sword        |   110 |   230 |   207 ||   547
       Bite              |    34 |    75 |    82 ||   191
  Eat: Chunk             |     2 |     6 |     6 ||    14
Armor: Scale mail        |    46 |    17 |       ||    63
       Chain mail        |       |   134 |   138 ||   272
Dodge: Dodged            |    38 |    52 |    45 ||   135
Block: Shield            |    59 |   117 |   104 ||   280
       Rpst.: Long sword |    14 |    17 |    22 ||    53
